 Dungeon Sprint DCSS version 0.19-a0-1861-g35def1e (webtiles) character file.

7000000 wazuzu the Archmage (level 27, -2/249 HPs)
             Began as a Demonspawn Warper on Oct 12, 2016.
             Was the Champion of Makhleb.
             Killed by divine providence
             ... invoked by an accursed
              (13 damage)
             ... in the Dungeon (Sprint VIII: "Arena of Blood").
             The game lasted 00:05:26 (70 turns).

wazuzu the Archmage (Demonspawn Warper)               Turns: 70, Time: 00:05:27

Health: -2/249     AC: 10    Str: 12    XL:     27
Magic:  0/54       EV: 36    Int: 16    God:    Makhleb [******]
Gold:   0          SH:  0    Dex: 24    Spells: 0 memorised, 80 levels left

rFire  + . .     SeeInvis +     l - +∞ Axe of Woe
rCold  . . .     Gourm    .     b - +0 leather armour
rNeg   . . .     Faith    .     (shield currently unavailable)
rPois  +         Spirit   +     (helmet unavailable)
rElec  .         Dismiss  .     (no cloak)
rCorr  .         Reflect  .     (no gloves)
MR     ++...     Harm     .     (no boots)
Stlth  +++++++++. NoTele   +    (no amulet)
                                (no ring)
                                (no ring)

@: no status effects
A: antennae 3, slimy green scales 3, fire resistance 1, hurl damnation, powered
by death 3, magic shield, magic regeneration, magic link, flame cloud immunity
a: Hurl Damnation, Minor Destruction, Lesser Servant of Makhleb, Major
Destruction, Greater Servant of Makhleb, Renounce Religion


You were in the Dungeon.
You worshipped Makhleb.
Makhleb was exalted by your worship.
You were not hungry.

You visited 1 branch

Inventory:

Hand Weapons
 a - a +0 hand axe
 l - the +∞ Axe of Woe (weapon)
   (You found it in the Dungeon)
Missiles
 e - 5 tomahawks of dispersal (quivered)
Armour
 b - a +0 leather armour (worn)
Scrolls
 d - 2 scrolls of blinking
Potions
 g - a potion of curing
 h - a potion of heal wounds
 i - a potion of haste
 j - 2 potions of magic
 k - a potion of berserk rage
Books
 c - a book of Spatial Translocations

   Spells                             Type                      Level
   a - Blink                          Translocation                2
   b - Shroud of Golubria             Charms/Translocation         2
   c - Lesser Beckoning               Translocation                3
   d - Portal Projectile              Translocation                3
   e - Teleport Other                 Translocation                3
   f - Passage of Golubria            Translocation                4
Comestibles
 f - a bread ration


   Skills:
 O Level 27 Fighting
 O Level 27 Axes
 O Level 27 Throwing
 O Level 27 Armour
 O Level 27 Dodging
 O Level 27 Stealth
 O Level 27 Unarmed Combat
 O Level 27 Spellcasting
   Level 2.6 Translocations
 O Level 27 Invocations


You had 80 spell levels left.
You didn't know any spells.

Dungeon Overview and Level Annotations

Branches:
Dungeon (1/1)

Altars:
Makhleb


Innate Abilities, Weirdness & Mutations

You have a pair of large antennae on your head. (SInv)
You are completely covered in slimy green scales. (AC +4, rPois)
Your flesh is heat resistant. (rF+)
You can hurl damnation.
You regenerate a lot of health from kills.
When hurt, damage is shared between your health and your magic reserves.
You regenerate magic rapidly.
When low on magic, you restore magic in place of health.
You are immune to clouds of flame.


Message History

The bag of meat convulses!
You hear a shout! x5
Things that are here:
a +9 war axe; a +30 ring of slaying You hit the tyrant but do no damage.
You cleave the tyrant in twain.
You destroy the tyrant!
Makhleb accepts your kill.
You feel better.
You hear a shout!
The eight-headed meat hydra calls on the powers of darkness!
The eight-headed meat hydra convulses!
Your body is wracked with pain!
* * * LOW HITPOINT WARNING * * *
The bag of meat convulses!
The meat berserker convulses!
You hear a shout!
The dread throws damnation at you.
The sphere of damnation explodes!
The damnation engulfs you!
* * * LOW HITPOINT WARNING * * *
The accursed points at you and mumbles some strange words.
Something smites you!
You die...

....## #. ###.
...... {. ......
#.....##.##......
.................
........#.#......
................#
.................
.......@.........
.....D..).)......
........)........
...#...))..#..... .o
#..W))))# .....
...###....))M###....
........###)))......
#........_.)O)......
......#..)..#.......


You could see an accursed, an eight-headed meat hydra, a dread, a meat berserker
(berserk) and a bag of meat.

Vanquished Creatures
  3 greater mummies (D)
  A wraith (D)
  9 vampire knights (D)
  15 ogres (D)
  2 liches (D)
  A hydra (D)
  48 orcs (D)
  A hill giant (D)
  5 skeletal warriors (D)
  3 small abominations (D)
  6 large abominations (D)
  6 crawling corpses (D)
100 creatures vanquished.

Vanquished Creatures (others)
  2 crawling corpses (D)
2 creatures vanquished.

Grand Total: 102 creatures vanquished

Notes
Turn   | Place    | Note
-------+----------+-------------------------------------------
     0 | D        | wazuzu the Demonspawn Warper began the quest for the Orb.
     0 | D        | Reached XP level 1. HP: 16/16 MP: 3/3
     3 | D        | Noticed a bag of meat
     4 | D        | Noticed a bag of meat
     4 | D        | Became a worshipper of Makhleb the Destroyer
     5 | D        | Noticed a bag of meat
     6 | D        | Noticed a bag of meat
     7 | D        | Noticed a meat berserker
     7 | D        | Noticed a meat berserker
     7 | D        | Killed a bag of meat
     7 | D        | Gained mutation: You are partially covered in slimy green scales. (AC +2) [demonic ancestry]
     7 | D        | Reached XP level 2. HP: 41/41 MP: 3/17
     7 | D        | Reached XP level 3. HP: 47/47 MP: 3/18
     7 | D        | Gained mutation: You have a pair of small antennae on your head. [demonic ancestry]
     7 | D        | Reached XP level 4. HP: 54/54 MP: 3/20
     7 | D        | Reached XP level 5. HP: 60/60 MP: 3/21
     7 | D        | Gained mutation: You are mostly covered in slimy green scales. (AC +3) [demonic ancestry]
     7 | D        | Reached XP level 6. HP: 67/67 MP: 3/23
     7 | D        | Reached XP level 7. HP: 73/73 MP: 3/24
     7 | D        | Reached XP level 8. HP: 80/80 MP: 3/26
     7 | D        | Reached XP level 9. HP: 86/86 MP: 3/27
     7 | D        | Reached XP level 10. HP: 93/93 MP: 3/28
     7 | D        | Reached XP level 11. HP: 99/99 MP: 3/29
     8 | D        | Killed a bag of meat
     8 | D        | Reached * piety under Makhleb
     8 | D        | Reached skill level 15 in Fighting
     8 | D        | Reached skill level 15 in Axes
     8 | D        | Reached skill level 5 in Throwing
     8 | D        | Reached XP level 12. HP: 111/111 MP: 3/32
     8 | D        | Killed a bag of meat
     8 | D        | Reached skill level 5 in Armour
     8 | D        | Reached skill level 15 in Dodging
     8 | D        | Gained mutation: When hurt, damage is shared between your health and your magic reserves. [demonic ancestry]
     8 | D        | Reached XP level 13. HP: 120/120 MP: 3/34
     9 | D        | Noticed a bag of meat
     9 | D        | Noticed a bag of meat
     9 | D        | Noticed a bag of meat
     9 | D        | Noticed a bag of meat
     9 | D        | Noticed a meat berserker
    10 | D        | Noticed a bag of meat
    10 | D        | Noticed a bag of meat
    10 | D        | Killed a meat berserker
    10 | D        | Reached XP level 14. HP: 133/133 MP: 3/37
    11 | D        | Noticed a bag of meat
    11 | D        | Noticed a bag of meat
    11 | D        | Noticed a meat berserker
    11 | D        | Noticed a bag of meat
    11 | D        | Killed a meat berserker
    11 | D        | Reached ** piety under Makhleb
    11 | D        | Gained mutation: You regenerate a little health from kills. [demonic ancestry]
    11 | D        | Reached XP level 15. HP: 91/143 MP: 2/40
    14 | D        | Killed a meat berserker
    14 | D        | Gained mutation: You have a pair of antennae on your head. [demonic ancestry]
    14 | D        | Reached XP level 16. HP: 155/155 MP: 3/43
    15 | D        | Reached *** piety under Makhleb
    17 | D        | Killed a meat berserker
    17 | D        | Reached skill level 10 in Throwing
    17 | D        | Reached XP level 17. HP: 167/167 MP: 3/46
    19 | D        | Reached **** piety under Makhleb
    19 | D        | Gained mutation: You are completely covered in slimy green scales. (AC +4, rPois) [demonic ancestry]
    19 | D        | Reached XP level 18. HP: 179/179 MP: 4/48
    20 | D        | Noticed a meat berserker
    20 | D        | Reached skill level 27 in Axes
    20 | D        | Reached skill level 27 in Spellcasting
    20 | D        | Reached ***** piety under Makhleb
    20 | D        | Reached skill level 27 in Fighting
    20 | D        | Reached skill level 10 in Armour
    21 | D        | Reached skill level 27 in Dodging
    22 | D        | Noticed a destroyer
    22 | D        | Noticed a meat berserker
    23 | D        | Noticed a large bag of meat
    23 | D        | Noticed a destroyer
    24 | D        | Noticed a meat berserker
    24 | D        | Noticed a meat berserker
    24 | D        | Noticed a meat berserker
    25 | D        | Noticed a meat berserker
    25 | D        | Gained mutation: You regenerate magic rapidly. [demonic ancestry]
    25 | D        | Reached XP level 19. HP: 189/189 MP: 5/50
    26 | D        | Noticed a destroyer
    27 | D        | Killed a meat berserker
    27 | D        | Killed a destroyer
    27 | D        | Reached skill level 27 in Throwing
    27 | D        | Gained mutation: You have a pair of large antennae on your head. (SInv) [demonic ancestry]
    27 | D        | Reached XP level 20. HP: 197/197 MP: 6/51
    27 | D        | Killed a meat berserker
    27 | D        | Reached skill level 27 in Armour
    27 | D        | Killed a destroyer
    27 | D        | Reached ****** piety under Makhleb
    27 | D        | Gained mutation: You regenerate health from kills. [demonic ancestry]
    27 | D        | Reached XP level 21. HP: 204/204 MP: 6/52
    28 | D        | Killed a destroyer
    28 | D        | Reached skill level 27 in Invocations
    28 | D        | Gained mutation: Your flesh is heat resistant. (rF+) [demonic ancestry]
    28 | D        | Reached XP level 22. HP: 212/212 MP: 7/53
    29 | D        | Noticed a destroyer
    29 | D        | Reached skill level 27 in Stealth
    29 | D        | Reached skill level 27 in Unarmed Combat
    29 | D        | Gained mutation: You are immune to clouds of flame. [demonic ancestry]
    29 | D        | Reached XP level 23. HP: 219/219 MP: 7/54
    30 | D        | Killed a destroyer
    31 | D        | Gained mutation: You can hurl damnation. [demonic ancestry]
    31 | D        | Reached XP level 24. HP: 227/227 MP: 8/54
    32 | D        | Noticed a destroyer
    32 | D        | Noticed a destroyer
    34 | D        | Gained mutation: You regenerate a lot of health from kills. [demonic ancestry]
    34 | D        | Reached XP level 25. HP: 234/234 MP: 9/54
    36 | D        | Noticed a destroyer
    36 | D        | Killed a destroyer
    36 | D        | Gained mutation: When low on magic, you restore magic in place of health. [demonic ancestry]
    36 | D        | Reached XP level 26. HP: 242/242 MP: 10/54
    37 | D        | Killed a destroyer
    37 | D        | Reached XP level 27. HP: 249/249 MP: 16/54
    38 | D        | Noticed a destroyer
    45 | D        | Killed a destroyer
    48 | D        | Killed a destroyer
    49 | D        | Noticed a tyrant
    51 | D        | Noticed an accursed
    52 | D        | Noticed a destroyer
    52 | D        | Noticed an accursed
    54 | D        | Noticed an accursed
    54 | D        | Noticed an accursed
    55 | D        | Noticed an accursed
    56 | D        | Killed a destroyer
    56 | D        | Killed a tyrant
    58 | D        | Killed an accursed
    60 | D        | Noticed a dread
    61 | D        | Killed an accursed
    63 | D        | Noticed a tyrant
    63 | D        | Killed an accursed
    64 | D        | Killed a dread
    67 | D        | Noticed a dread
    70 | D        | Killed a tyrant
    70 | D        | HP: 11/249 [dread/damnation (24)]
    70 | D        | Killed from afar by an accursed

Vault maps used:
D:        meatsprint

Skill      XL: |  1  2  3  4  5  6  7  8  9 10 11 12 13 14 15 16 17 18 19 20 21 22 |
---------------+-------------------------------------------------------------------+-----
Fighting       | 13 15 17 19 20 22 24 26 27 | 27.0
Axes           | 13 15 16 18 20 22 24 26 27 | 27.0
Throwing       | 4 5 6 7 8 9 10 17 27 | 27.0
Armour         | 3 4 5 6 7 8 14 24 27 | 27.0
Dodging        | 12 14 15 17 19 21 22 24 27 | 27.0
Spellcasting   | 14 16 17 19 21 23 25 26 27 | 27.0
Stealth        | 13 23 27 | 27.0
Unarmed Combat | 12 22 27 | 27.0
Invocations    | 17 27 | 27.0
Translocations | |  2.6

Action                   |  1- 3 |  4- 6 |  7- 9 | 10-12 | 13-15 | 16-18 | 19-21 | 22-24 | 25-27 || total
-------------------------+-------+-------+-------+-------+-------+-------+-------+-------+-------++-------
Melee: Executioner's axe |     1 |       |       |     1 |     3 |     7 |     3 |     5 |    23 ||    43
 Abil: Hurl Damnation    |       |       |       |       |       |       |       |       |     1 ||     1
Armor: Leather armour    |       |       |       |       |       |       |       |       |     1 ||     1
Dodge: Dodged            |       |       |       |       |       |       |       |     3 |     5 ||     8
